 Dungeon Crawl Stone Soup version 0.30.1-11-g7821555f0a (webtiles) character file.

Game seed: 655324654560727184

1206 Ivernyr the Shield-Bearer (level 8, 0/64 HPs)
             Began as a Formicid Fighter on Dec 6, 2023.
             Slain by a yak (4 damage)
             ... on level 5 of the Dungeon.
             The game lasted 00:06:20 (2947 turns).

Ivernyr the Shield-Bearer (Formicid Fighter)        Turns: 2947, Time: 00:06:20

Health: 0/64       AC:  7    Str: 22    XL:     8   Next: 73%
Magic:  8/8        EV: 10    Int:  9    God:
Gold:   221        SH:  5    Dex: 13    Spells: 7/7 levels left

rFire   . . .        a - +0 quarterstaff
rCold   . . .        c - +0 buckler
rNeg    . . .        b - +0 troll leather armour {Pargi}
rPois   +            (helmet unavailable)
rElec   .            r - +0 cloak
rCorr   .            (no gloves)
SInv    +            g - +0 pair of boots
Will    .....        (no amulet)
Stlth   +            C - ring of poison resistance
HPRegen 1.10/turn    (no ring)
MPRegen 0.11/turn

%: no passive effects
@: no status effects
A: permanent stasis, dig shafts and tunnels, antennae 3, four strong arms
a: Dig, Shaft Self


You were on level 5 of the Dungeon.
You visited 1 branch of the dungeon, and saw 5 of its levels.

You collected 221 gold pieces.

Inventory:

Hand Weapons
 a - a +0 quarterstaff (weapon)
Armour
 b - a +0 troll leather armour (worn) {Pargi}
 c - a +0 buckler (worn)
 g - a +0 pair of boots (worn)
 r - a +0 cloak (worn)
Jewellery
 y - a ring of flight
 C - a ring of poison resistance (left hand)
Wands
 v - a wand of polymorph (14)
 x - a wand of roots (9)
Scrolls
 h - 8 scrolls of identify {unknown}
 k - a scroll of noise {unknown}
 l - a scroll of acquirement {unknown}
 n - a scroll of brand weapon {unknown}
 o - a scroll of amnesia {unknown}
 p - 2 scrolls of fog {unknown}
 q - a scroll of butterflies {unknown}
 s - a scroll of enchant weapon {unknown}
 u - 3 scrolls of enchant armour {unknown}
 A - a scroll of fear {unknown}
 B - 2 scrolls of teleportation {unknown}
Potions
 d - a potion of might
 e - 3 potions of mutation {unknown}
 f - 2 potions of curing {unknown}
 i - 2 potions of flight {unknown}
 j - 2 potions of cancellation {unknown}
 m - 2 potions of lignification {unknown}
 t - a potion of brilliance {unknown}
 w - a potion of berserk rage {unknown}
 z - a potion of heal wounds {unknown}


   Skills:
 + Level 5.8 Fighting
 * Level 6.4 Staves
 + Level 5.8 Armour
 + Level 7.0 Shields


You had 7 spell levels left.
You didn't know any spells.
Your spell library contained the following spells:

 Spells                   Type           Power      Damage    Failure   Level
 Ozocubu's Armour         Ice            0%         N/A       86%         3
 Ozocubu's Refrigeration  Ice            0%         4d7       100%        7


Dungeon Overview and Level Annotations

Branches:
Dungeon (5/15)
 Temple: D:4-7

Altars:
Dithmenos
Ru
Yredelemnul

Annotations:
D:5 3 runed translucent doors


Innate Abilities, Weirdness & Mutations

You cannot be hasted, slowed, berserked, paralysed or teleported.
You can dig through walls and to a lower floor.
You have a pair of large antennae on your head. (SInv)
Your four strong arms can wield two-handed weapons with a shield.


Message History

The yak is moderately wounded.
You block the yak's attack.
You barely miss the yak.
The yak is moderately wounded.
The yak gores you but does no damage.
You closely miss the yak.
The yak is moderately wounded.
The yak completely misses you.
You hit the yak but do no damage.
The yak is moderately wounded.
The yak barely misses you.
You hit the yak.
The yak is heavily wounded.
The yak gores you.
You closely miss the yak.
The yak is heavily wounded.
The yak gores you!
* * * LOW HITPOINT WARNING * * *
You barely miss the yak.
The yak is heavily wounded.
The yak gores you.
* * * LOW HITPOINT WARNING * * *
You hit the yak.
The yak is heavily wounded.
The yak barely misses you.
You sock the yak!
The yak is severely wounded.
The yak completely misses you.
You sock the yak!
The yak is almost dead.
The yak gores you!
* * * LOW HITPOINT WARNING * * *
You hit the yak but do no damage.
The yak is almost dead.
The yak gores you!
* * * LOW HITPOINT WARNING * * *
You barely miss the yak.
The yak is almost dead.
The yak gores you.
You die...

#...##..###.............
######.......# .............
#.......##..... .............
#.....†.# ....... .###..[..
##.#....## #.<.. #.....
####.....# ##.# #......
##........## #.## #..##...
#..........###...## ..........
###.###...YYY@....##......##..
##..#....YY####.###...##. ...
#........s## ##[# # ....
##.........#.. #. ...#
#####......... #............ {
......##.......
#....#.###...### #...##.#
#....


You could see 4 yaks, an ice beast and a scorpion.

Vanquished Creatures
  Grinder (D:4)
  Sigmund (D:4)
  A yak (D:5)
  An orc warrior (D:4)
  Pargi (D:3)
  A phantom (D:4)
  A water moccasin zombie (D:4)
  2 scorpions (D:4)
  A hound (D:4)
  4 iguanas
  Jessica (D:3)
  A sleepcap (D:4)
  4 adders
  An adder zombie (D:4)
  3 worms
  A dart slug (D:4)
  7 orcs
  4 ball pythons
  5 bats
  7 endoplasms
  3 goblins
  5 hobgoblins
  5 jackals
  4 kobolds
  2 quokkas
  2 frilled lizards
  6 rats
75 creatures vanquished.

Notes
Turn   | Place    | Note
-------+----------+-------------------------------------------
     0 | D:1      | Ivernyr the Formicid Fighter began the quest for the Orb.
     0 | D:1      | Reached XP level 1. HP: 18/18 MP: 1/1
    83 | D:1      | Reached XP level 2. HP: 24/24 MP: 2/2
   514 | D:1      | Found a faded altar of an unknown god.
   561 | D:2      | Reached XP level 3. HP: 29/29 MP: 3/3
  1236 | D:3      | Reached XP level 4. HP: 36/37 MP: 4/4
  1392 | D:3      | Noticed Pargi
  1409 | D:3      | Killed Pargi
  1410 | D:3      | Reached skill level 5 in Shields
  1410 | D:3      | Reached XP level 5. HP: 37/42 MP: 5/5
  1454 | D:3      | Noticed Jessica
  1457 | D:3      | Killed Jessica
  1458 | D:3      | Reached XP level 6. HP: 48/48 MP: 6/6
  1712 | D:4      | Noticed Sigmund
  1727 | D:4      | Killed Sigmund
  1728 | D:4      | Reached XP level 7. HP: 49/55 MP: 7/7
  1810 | D:4      | Reached skill level 5 in Staves
  1851 | D:4      | Noticed Grinder
  1866 | D:4      | Killed Grinder
  1867 | D:4      | Reached skill level 5 in Fighting
  1867 | D:4      | Reached skill level 5 in Armour
  1867 | D:4      | Reached skill level 6 in Shields
  1869 | D:4      | Reached XP level 8. HP: 33/62 MP: 8/8
  1995 | D:4      | Found a shadowy altar of Dithmenos.
  2233 | D:4      | Identified the +6 war axe "Beetleslayer" {antimagic, Int+5
                  | Dex+2}
  2325 | D:4      | Found a sacrificial altar of Ru.
  2525 | D:4      | Found a basalt altar of Yredelemnul.
  2728 | D:5      | Entered Level 5 of the Dungeon
  2815 | D:5      | Found a runed translucent gate.
  2829 | D:5      | Found a runed translucent gate.
  2830 | D:5      | Found a runed translucent gate.
  2912 | D:5      | Noticed a yak
  2912 | D:5      | Noticed a yak
  2912 | D:5      | Noticed a yak
  2913 | D:5      | Noticed a yak
  2913 | D:5      | Noticed a yak
  2930 | D:5      | Killed a yak
  2931 | D:5      | Reached skill level 7 in Shields
  2946 | D:5      | HP: 3/64 [yak (8)]
  2947 | D:5      | Slain by a yak

Illustrated notes

Levels and vault maps discovered:
D:1:      minmay_arrival_up_and_down, layout_rooms, basic_ecumenical_altar,
          minmay_misc_feat_doors
D:2:      layout_rooms, minmay_split_cup_small
D:3:      layout_rooms, uniq_jessica, uniq_pargi
D:4:      layout_basic, nicolae_dithmenos_the_darkroom,
          nicolae_ru_the_path_less_chosen, lemuel_zombie_altar_yredelemnul,
          uniq_grinder, uniq_sigmund
D:5:      layout_cave_pools, nicolae_gozag_cash_rules_everything_around_me,
          gammafunk_ghost_cemetery, corexii_item_surrounded_by_moat,
          uniq_crazy_yiuf_cottage

Skill      XL: |  1  2  3  4  5  6  7  8 |
---------------+-------------------------+-----
Staves         | 3 4 5 6 |  6.4
Fighting       | 4 5 |  5.8
Armour         | 4 5 |  5.8
Shields        | 5 6 7 |  7.0

Action                     |  1- 3 |  4- 6 |  7- 9 || total
---------------------------+-------+-------+-------++-------
  Melee: Quarterstaff      |   113 |    56 |   152 ||   321
    Use: Potion            |       |     1 |       ||     1
   Stab: Sleeping          |       |     1 |       ||     1
 Armour: Scale mail        |    44 |    15 |       ||    59
         Troll leather arm |       |     8 |    47 ||    55
  Dodge: Dodged            |    68 |    24 |    75 ||   167
  Block: Buckler           |    27 |    10 |    41 ||    78
